 Dungeon Crawl Stone Soup version 0.24.0-123-gd5b16e6ec5 (webtiles) character file.

Game seed: 8989098184278095145, levelgen mode: deterministic

847 Delamore the Cleaver (level 8, -2/58 HPs)
             Began as a Formicid Fighter on Jan 7, 2020.
             Was a Believer of Okawaru.
             Slain by sawburst's ghost (12 damage)
             ... on level 5 of the Dungeon.
             The game lasted 00:04:33 (3972 turns).

Delamore the Cleaver (Formicid Fighter)             Turns: 3972, Time: 00:04:33

Health: -2/58      AC:  6    Str: 27    XL:     8   Next: 20%
Magic:  8/8        EV:  9    Int:  7    God:    Okawaru [**....]
Gold:   193        SH: 10    Dex: 10    Spells: 7/7 levels left

rFire    . . .     SeeInvis +   g - +0 hand axe
rCold    . . .     Gourm    .   c - +0 shield
rNeg     + . .     Faith    .   A - +1 leather armour of Reason {-Tele rElec Str+3 Stlth+} (curse)
rPois    .         Spirit   .   (helmet unavailable)
rElec    +         Reflect  .   v - +0 cloak
rCorr    .         Harm     .   (no gloves)
MR       .....                  r - +0 pair of boots (curse)
Stlth    ++........             x - amulet of rage
HPRegen  0.19/turn              q - ring of positive energy (curse)
MPRegen  0.11/turn              (no ring)

@: no status effects
A: permanent stasis, dig shafts and tunnels, four strong arms, antennae 3
a: Dig, Shaft Self, Heroism, Renounce Religion


You were on level 5 of the Dungeon.
You worshipped Okawaru.
Okawaru was pleased with you.
You were not hungry.

You visited 1 branch of the dungeon, and saw 5 of its levels.

You collected 193 gold pieces.

Inventory:

Hand Weapons
 a - a +0 war axe
 g - a +0 hand axe (weapon)
Missiles
 y - 5 boomerangs (quivered)
Armour
 b - a +0 scale mail
 c - a +0 shield (worn)
 r - a cursed +0 pair of boots (worn)
 v - a +0 cloak (worn)
 A - the cursed +1 leather armour of Reason (worn) {-Tele rElec Str+3 Stlth+}
   (You found it on level 4 of the Dungeon)

   It affects your strength (+3).
   It insulates you from electricity.
   It prevents most forms of teleportation.
   It makes you more stealthy.
   It has a curse placed upon it.
Jewellery
 q - a cursed ring of positive energy (left hand)
 x - an amulet of rage (around neck)
 E - a +3 ring of evasion {unknown}
Wands
 z - a wand of acid (6)
Scrolls
 e - 2 scrolls of immolation {unknown}
 j - 3 scrolls of remove curse {unknown}
 k - 2 scrolls of identify
 l - 4 scrolls of teleportation {unknown}
 o - a scroll of enchant weapon {unknown}
 p - a scroll of noise
 s - 2 scrolls of fear {unknown}
 w - 2 scrolls of amnesia {unknown}
 B - 2 scrolls of enchant armour {unknown}
 D - a scroll of torment {unknown}
Potions
 d - a potion of might
 h - a potion of magic
 i - a potion of agility
 n - a potion of lignification
 t - 4 potions of curing
 u - 2 potions of brilliance
 C - a potion of invisibility
Comestibles
 f - 9 rations


   Skills:
 - Level 3.2 Fighting
 + Level 9.0 Axes
 - Level 3.2 Armour
 - Level 3.6 Shields


You had 7 spell levels left.
You didn't know any spells.
Your spell library was empty.

Dungeon Overview and Level Annotations

Branches:
Dungeon (5/15)
 Temple: D:4-7

Altars:
Elyvilon
Okawaru
Uskayaw
Wu Jian

Annotations:
D:5 sawburst's ghost, novice TrBe


Innate Abilities, Weirdness & Mutations

You cannot be hasted, slowed, berserked, paralysed or teleported.
You can dig through walls and to a lower floor.
Your four strong arms can wield two-handed weapons with a shield.
You have a pair of large antennae on your head. (SInv)


Message History

Sawburst's ghost is heavily damaged.
Sawburst's ghost hits you!
You hit sawburst's ghost.
Sawburst's ghost is severely damaged.
Sawburst's ghost hits you!
* * * LOW HITPOINT WARNING * * *
You feel much better. Sawburst's ghost hits you!
* * * LOW HITPOINT WARNING * * *
Okay, then.
You hit sawburst's ghost but do no damage.
Sawburst's ghost is severely damaged.
Sawburst's ghost whispers, "Trust me.
Just give in."
You block sawburst's ghost's attack.
You hit sawburst's ghost but do no damage.
Sawburst's ghost is severely damaged.
You block sawburst's ghost's attack.
Your shield and leather armour of Reason prevent you from hitting sawburst's ghost.
Sawburst's ghost is severely damaged.
Sawburst's ghost hits you!
You die...

♣.♣♣ #...... .. ♣♣..♣
#...##....##.#.# .#
♣...###..###....##.#.##.#.
...+......................
...#.##..####...##...#..#
.......................
.....##..#...#..##...# #
#######..#...#...#...# .#
................@....#..#.##
..............##W##.........
..........###.#.≈.#.....#.##
..........# #.#.≈.#.....#
..........# #.#.≈.#.....#
#.###.#..## #)#.≈.#..#..#
#.###.#.. #.#.%.#.......
..... ... ..#####........
.... .... ... .........


You could see sawburst's ghost.

Vanquished Creatures
  A necrophage (D:3)
  A centaur (D:4)
  A water moccasin zombie (D:4)
  2 scorpions
  A howler monkey (D:4)
  A crimson imp (D:5)
  A bullfrog zombie (D:4)
  A hound (D:4)
  2 orc wizards (D:4)
  Crazy Yiuf (D:2)
  A worker ant (D:4)
  A hound zombie (D:4)
  A hound skeleton (D:4)
  4 worker ant zombies (D:4)
  7 adders
  2 gnolls (D:2)
  3 howler monkey skeletons (D:4)
  2 oozes
  A dart slug (D:1)
  A leopard gecko (D:5)
  10 orcs
  9 giant cockroaches
  12 goblins
  9 hobgoblins
  5 jackals (D:3)
  2 ball pythons (D:3)
  8 bats
  6 frilled lizards
  4 giant cockroach zombies (D:4)
  5 kobolds
  A leopard gecko zombie (D:4)
  3 quokka skeletons (D:4)
  2 quokka zombies (D:4)
  4 rats
  4 fungi (D:2)
119 creatures vanquished.

Notes
Turn   | Place    | Note
-------+----------+-------------------------------------------
     0 | D:1      | Delamore the Formicid Fighter began the quest for the Orb.
     0 | D:1      | Reached XP level 1. HP: 18/18 MP: 1/1
   127 | D:1      | Reached XP level 2. HP: 20/24 MP: 2/2
   246 | D:1      | You fall into a shaft and drop 1 floor!
   246 | D:2      | Found a white marble altar of Elyvilon.
   259 | D:2      | Reached skill level 3 in Axes
   291 | D:2      | Reached XP level 3. HP: 29/29 MP: 3/3
   686 | D:1      | Reached skill level 4 in Axes
   686 | D:1      | Reached XP level 4. HP: 26/35 MP: 4/4
  1145 | D:2      | Found an iron altar of Okawaru.
  1168 | D:2      | Became a worshipper of Warmaster Okawaru
  1921 | D:2      | Found a runed translucent door.
  1922 | D:2      | Noticed Crazy Yiuf
  1929 | D:2      | Killed Crazy Yiuf
  1929 | D:2      | Reached skill level 5 in Axes
  1929 | D:2      | Reached XP level 5. HP: 41/41 MP: 5/5
  2021 | D:3      | Noticed a necrophage
  2034 | D:3      | Killed a necrophage
  2034 | D:3      | Reached XP level 6. HP: 41/47 MP: 6/6
  2085 | D:3      | Reached skill level 6 in Axes
  2686 | D:4      | Found a hide-covered altar of Uskayaw.
  2742 | D:4      | Reached XP level 7. HP: 14/52 MP: 7/7
  2755 | D:4      | Reached * piety under Okawaru
  2755 | D:4      | Reached skill level 7 in Axes
  3102 | D:4      | Got a warped leather armour
  3113 | D:4      | Identified the cursed +1 leather armour of Reason {-Tele
                  | rElec Str+3 Stlth+} (You found it on level 4 of the
                  | Dungeon)
  3133 | D:4      | Reached skill level 8 in Axes
  3220 | D:4      | Reached XP level 8. HP: 41/58 MP: 8/8
  3228 | D:4      | Reached ** piety under Okawaru
  3445 | D:5      | Entered Level 5 of the Dungeon
  3447 | D:5      | Found an ornate altar of the Wu Jian Council.
  3717 | D:5      | Found a runed translucent door.
  3735 | D:5      | Reached skill level 9 in Axes
  3945 | D:5      | Noticed sawburst's ghost (novice TrBe)
  3972 | D:5      | Slain by sawburst's ghost

Levels and vault maps discovered:
D:1:      grunt_arrival_lava_bath, layout_loops_corners
D:2:      layout_loops_ring, elyvilon_altar_5, grunt_decor_fettered,
          okawaru_altar_gauntlet_db, uniq_crazy_yiuf_cottage
D:3:      layout_basic, grunt_ministairs_3
D:4:      layout_basic, lemuel_crystal_altar, serial_undead, serial_undead_b,
          serial_undead_f, serial_undead_b, serial_undead_a, serial_undead_d,
          serial_undead_a, serial_undead_c, serial_undead_c, serial_undead_b,
          serial_undead_b
D:5:      layout_basic, fedhas_altar_4, overflow_temple_1_default,
          ebering_ghost_reflecting_pool, first_ration,
          kennysheep_generic_room_12

Skill      XL: |  1  2  3  4  5  6  7  8 |
---------------+-------------------------+-----
Axes           | 3 4 5 6 8 9 |  9.0
Fighting       | |  3.2
Armour         | |  3.2
Shields        | |  3.6

Action                   |  1- 3 |  4- 6 |  7- 9 || total
-------------------------+-------+-------+-------++-------
Melee: War axe           |    25 |       |       ||    25
       Hand axe          |   100 |   195 |   182 ||   477
  Use: Potion            |       |       |     4 ||     4
       Scroll            |       |       |     6 ||     6
 Stab: Sleeping          |       |       |     1 ||     1
  Eat: Ration            |       |     1 |       ||     1
       Chunk             |       |     3 |     4 ||     7
Armor: Scale mail        |    53 |    70 |    20 ||   143
       Leather armour    |       |       |    28 ||    28
Dodge: Dodged            |    43 |    61 |    48 ||   152
Block: Shield            |    65 |   101 |    69 ||   235
